Avalanche vs Islanders

Created - December 16, 2023 at 22:09

Goals
1 2 3 T
Avalanche 0 0 1 1
Islanders 1 1 0 2
Shots
1 2 3 T
Avalanche 5 3 16 24
Islanders 10 10 11 31

GoalsPenalties
1st period
1. Islanders , Shayne Gostisbehere 7 (Chandler Stephenson 15, Michael Bunting 5) at 8:09 (PP)
Tyler Myers (COL) for Roughing (Double Minor) at 5:58
Tanner Jeannot (NYI) for Fighting (Major) at 16:04
Patrik Laine (COL) for Fighting (Major) at 16:04
2nd period
2. Islanders , Connor McDavid 13 (Neal Pionk 11, Brad Marchand 19) at 11:53
Arber Xhekaj (COL) for Tripping (Minor) at 13:28
3rd period
3. Avalanche , Blake Wheeler 9 (Max Pacioretty 12, Michael Anderson 7) at 11:53
Shayne Gostisbehere (NYI) for Holding (Minor) at 9:17
Justin Holl (NYI) for High sticking (Double Minor) at 14:41
Brad Marchand (NYI) for High sticking (Minor) at 19:14
Goalie Stats
Juuse Saros (COL), 29 saves from 31 shots - (0.935), L, 11-7-1, 59:36 minutes
Ville Husso (NYI), 23 saves from 24 shots - (0.958), W, 12-9-1, 60:00 minutes
3 StarsOfficial
1 - Ville Husso (NYI)
2 - Neal Pionk (NYI)
3 - Connor McDavid (NYI)
Referees : Kyle Rehman and Wes McCauley
Linesman : Kyle Flemington and Tony Sericolo
Game Note
Tanner Jeannot beats up Patrik Laine at 16:04 of 1st period
Finance
Level 1 -- Attendance: 5891 (98.18%) -- Ticket Income $706,920
Level 2 -- Attendance: 3820 (76.40%) -- Ticket Income $382,000
Level 3 -- Attendance: 2000 (100.00%) -- Ticket Income $180,000
Level 4 -- Attendance: 1585 (88.30%) -- Ticket Income $103,025
Luxury Box -- Attendance: 903 (90.30%) -- Ticket Income $203,175
Game was played at the Barclays Center.
Total Attendance: 14199 (89.90%)
Total Ticket Income: $1,575,120
Other Income: $393,780
Total Income: $1,968,900



Team Name Goals Shots Shots Attemp Shots Blocked PIM HIT PP PK FO%
Avalanche 12444711260 / 4 (0%)151%
Islanders 23167613141 / 3 (33%)049%

Avalanche
Player Name POS G A P +/- PIM HIT SHT SB MP PP MP PP SHT PK MP PK SHT FO% FOT
Adam HenriqueC0000012015:413:2500:00050% 22
Arber XhekajD0000220213:100:0001:1300% 0
Blake WheelerRW1010012015:070:1600:00050% 2
Colton ParaykoD0000013220:593:2520:0000% 0
Connor DewarC0000010012:540:0003:020100% 1
Jonathan ToewsC0000003016:080:0003:02058% 24
Josh NorrisC0000004016:553:0230:00047% 19
Max PaciorettyLW0110033015:462:4000:000100% 1
Michael AndersonD0111020119:040:4601:4800% 0
Mike MathesonD000-1020116:510:0001:4800% 0
Mikko RantanenRW0000014015:573:4120:0000% 0
Nick BjugstadC0000000011:000:0001:0800% 1
Patrik LaineLW0000521013:103:0210:000100% 1
Ross ColtonC0000020011:000:0001:08038% 16
Tim StutzleLW0000000017:563:4100:000100% 1
Travis SanheimD0000030123:213:2502:2200% 0
Troy TerryRW0000001016:553:0200:0000% 0
Tyler MyersD0000451023:533:1011:0900% 0
Islanders
Player Name POS G A P +/- PIM HIT SHT SB MP PP MP PP SHT PK MP PK SHT FO% FOT
Barrett HaytonC000000007:270:0001:06033% 6
Brad MarchandLW0110215021:202:3400:0000% 0
Brent BurnsD000-1021125:302:3413:2100% 0
Chandler StephensonC0110005018:331:3601:48157% 23
Connor McDavidC1010015021:212:3400:00041% 29
Jake GuentzelLW0000012021:212:3410:00025% 4
Jean-Gabriel PageauC0000003014:150:0004:30060% 20
Jujhar KhairaLW000000007:140:0001:4800% 0
Justin HollD0000400015:560:0001:0700% 0
Kevin RooneyC000000000:000:0000:0000% 0
Kyle PalmieriC000000009:450:0000:000100% 2
Mason MarchmentLW0000011017:141:3600:00033% 3
Michael BuntingLW0110001016:451:3600:0000% 0
Neal PionkD0111030122:561:3603:2200% 0
Ryan GravesD0000001111:340:0000:0000% 0
Shayne GostisbehereD1011201018:321:3612:1500% 0
Shea TheodoreD000-1032325:302:3403:2100% 0
Tanner JeannotLW0000524018:000:0004:1410% 1



Play-by-Play

1st period


0:01 of 1st period - Connor McDavid wins face-off versus Josh Norris in neutral zone.
0:54 of 1st period - Icing by Brent Burns.
0:55 of 1st period - Jonathan Toews wins face-off versus Connor McDavid in Islanders zone.
1:00 of 1st period - Shot by Blake Wheeler.
1:00 of 1st period - Deflect By Max Pacioretty.
1:00 of 1st period - Stopped by Ville Husso without a rebound.
1:01 of 1st period - Chandler Stephenson wins face-off versus Adam Henrique in Islanders zone.
1:01 of 1st period - Chandler Stephenson is hit by Patrik Laine.
1:18 of 1st period - Shot by Adam Henrique.
1:18 of 1st period - Stopped by Ville Husso without a rebound.
1:19 of 1st period - Kyle Palmieri wins face-off versus Ross Colton in Islanders zone.
1:35 of 1st period - Tanner Jeannot is hit by Arber Xhekaj.
1:41 of 1st period - Shot by Kyle Palmieri.
1:41 of 1st period - Shot Blocked by Arber Xhekaj.
2:13 of 1st period - Off-side.
2:14 of 1st period - Jonathan Toews wins face-off versus Chandler Stephenson in neutral zone.
4:01 of 1st period - Icing by Brent Burns.
4:02 of 1st period - Josh Norris wins face-off versus Jake Guentzel in Islanders zone.
4:54 of 1st period - Off-side.
4:55 of 1st period - Jean-Gabriel Pageau wins face-off versus Ross Colton in neutral zone.
5:05 of 1st period - Off-side.
5:06 of 1st period - Max Pacioretty wins face-off versus Barrett Hayton in neutral zone.
5:24 of 1st period - Shot by Max Pacioretty.
5:24 of 1st period - Shot Blocked by Neal Pionk.
5:26 of 1st period - Shot by Max Pacioretty.
5:26 of 1st period - Shot Misses the Net.
5:28 of 1st period - Shot by Jonathan Toews.
5:28 of 1st period - Stopped by Ville Husso without a rebound.
5:29 of 1st period - Connor Dewar wins face-off versus Jake Guentzel in Islanders zone.
5:33 of 1st period - Icing by Connor McDavid.
5:34 of 1st period - Adam Henrique wins face-off versus Connor McDavid in Islanders zone.
5:43 of 1st period - Shot by Mikko Rantanen.
5:43 of 1st period - Stopped by Ville Husso without a rebound.
5:44 of 1st period - Ross Colton wins face-off versus Chandler Stephenson in Islanders zone.
5:56 of 1st period - Mason Marchment is hit by Tyler Myers and loses puck.
5:58 of 1st period - Double Minor Penalty to Tyler Myers for Roughing.
5:59 of 1st period - Connor McDavid wins face-off versus Jonathan Toews in Avalanche zone.
6:04 of 1st period - Shot by Brad Marchand.
6:04 of 1st period - Shot Misses the Net.
6:06 of 1st period - Shot by Brad Marchand.
6:06 of 1st period - Shot Misses the Net.
6:08 of 1st period - Shot by Brent Burns.
6:08 of 1st period - Stopped by Juuse Saros without a rebound.
6:09 of 1st period - Jonathan Toews wins face-off versus Connor McDavid in Avalanche zone.
6:17 of 1st period - Icing by Shea Theodore.
6:18 of 1st period - Connor McDavid wins face-off versus Jonathan Toews in Islanders zone.
7:06 of 1st period - Shea Theodore is hit by Ross Colton and loses puck.
7:29 of 1st period - Icing by Brent Burns.
7:30 of 1st period - Jonathan Toews wins face-off versus Connor McDavid in Islanders zone.
7:45 of 1st period - Shot by Jonathan Toews.
7:45 of 1st period - Shot Hit the Post.
8:09 of 1st period - Shot by Shayne Gostisbehere.
8:09 of 1st period - Goal by Shayne Gostisbehere - Avalanche : 0 - Islanders : 1.
8:10 of 1st period - Adam Henrique wins face-off versus Jean-Gabriel Pageau in neutral zone.
8:25 of 1st period - Shot by Tanner Jeannot.
8:25 of 1st period - Stopped by Juuse Saros without a rebound.
8:26 of 1st period - Chandler Stephenson wins face-off versus Josh Norris in Avalanche zone.
8:35 of 1st period - Shot by Mason Marchment.
8:35 of 1st period - Stopped by Juuse Saros without a rebound.
8:36 of 1st period - Adam Henrique wins face-off versus Jean-Gabriel Pageau in Avalanche zone.
9:30 of 1st period - Justin Holl is hit by Mike Matheson and loses puck.
9:40 of 1st period - Blake Wheeler is hit by Mason Marchment and loses puck.
10:26 of 1st period - Icing by Mike Matheson.
10:27 of 1st period - Connor McDavid wins face-off versus Jonathan Toews in Avalanche zone.
10:30 of 1st period - Shot by Connor McDavid.
10:30 of 1st period - Stopped by Juuse Saros with a rebound.
11:02 of 1st period - Shot by Brad Marchand.
11:02 of 1st period - Stopped by Juuse Saros without a rebound.
11:03 of 1st period - Ross Colton wins face-off versus Tanner Jeannot in Avalanche zone.
11:18 of 1st period - Shot by Tanner Jeannot.
11:18 of 1st period - Shot Misses the Net.
11:25 of 1st period - Icing by Travis Sanheim.
11:26 of 1st period - Ross Colton wins face-off versus Mason Marchment in Avalanche zone.
11:39 of 1st period - Shot by Colton Parayko.
11:39 of 1st period - Shot Blocked by Brent Burns.
12:24 of 1st period - Icing by Troy Terry.
12:25 of 1st period - Connor McDavid wins face-off versus Josh Norris in Avalanche zone.
12:28 of 1st period - Shot by Jake Guentzel.
12:28 of 1st period - Shot Blocked by Arber Xhekaj.
12:32 of 1st period - Shot by Brad Marchand.
12:32 of 1st period - Shot Misses the Net.
12:52 of 1st period - Shot by Connor McDavid.
12:52 of 1st period - Stopped by Juuse Saros without a rebound.
12:53 of 1st period - Kyle Palmieri wins face-off versus Adam Henrique in Avalanche zone.
13:23 of 1st period - Shot by Jean-Gabriel Pageau.
13:23 of 1st period - Stopped by Juuse Saros without a rebound.
13:24 of 1st period - Josh Norris wins face-off versus Connor McDavid in Avalanche zone.
13:24 of 1st period - Josh Norris is hit by Connor McDavid.
13:31 of 1st period - Off-side.
13:32 of 1st period - Connor McDavid wins face-off versus Jonathan Toews in neutral zone.
14:06 of 1st period - Jonathan Toews is hit by Shea Theodore and loses puck.
14:38 of 1st period - Icing by Tyler Myers.
14:39 of 1st period - Chandler Stephenson wins face-off versus Josh Norris in Avalanche zone.
14:46 of 1st period - Shot by Chandler Stephenson.
14:46 of 1st period - Shot Misses the Net.
16:04 of 1st period - Tanner Jeannot beats up Patrik Laine.
16:04 of 1st period - Penalty to Tanner Jeannot for Fighting.
16:04 of 1st period - Penalty to Patrik Laine for Fighting.
16:05 of 1st period - Connor McDavid wins face-off versus Ross Colton in Islanders zone.
16:13 of 1st period - Icing by Travis Sanheim.
16:14 of 1st period - Connor McDavid wins face-off versus Nick Bjugstad in Avalanche zone.
16:39 of 1st period - Shot by Shea Theodore.
16:39 of 1st period - Stopped by Juuse Saros without a rebound.
16:40 of 1st period - Jean-Gabriel Pageau wins face-off versus Adam Henrique in Avalanche zone.
16:47 of 1st period - Shot by Jean-Gabriel Pageau.
16:47 of 1st period - Shot Misses the Net.
16:49 of 1st period - Shot by Jean-Gabriel Pageau.
16:49 of 1st period - Shot Misses the Net.
16:51 of 1st period - Shot by Ryan Graves.
16:51 of 1st period - Stopped by Juuse Saros without a rebound.
16:52 of 1st period - Jonathan Toews wins face-off versus Jake Guentzel in Avalanche zone.
17:22 of 1st period - Blake Wheeler is hit by Brent Burns and loses puck.
18:03 of 1st period - Icing by Mason Marchment.
18:04 of 1st period - Ross Colton wins face-off versus Chandler Stephenson in Islanders zone.
19:10 of 1st period - Shot by Mikko Rantanen.
19:10 of 1st period - Stopped by Ville Husso without a rebound.
19:11 of 1st period - Jean-Gabriel Pageau wins face-off versus Josh Norris in Islanders zone.
19:28 of 1st period - Troy Terry is hit by Shea Theodore and loses puck.
19:56 of 1st period - Shot by Jean-Gabriel Pageau.
19:56 of 1st period - Shot Blocked by Colton Parayko.
Goals for this period are 0 for Avalanche vs 1 for Islanders.
Shots for this period are 5 for Avalanche vs 10 for Islanders.

2nd period


0:01 of 2nd period - Adam Henrique wins face-off versus Connor McDavid in neutral zone.
0:22 of 2nd period - Shot by Connor McDavid.
0:22 of 2nd period - Shot Misses the Net.
0:24 of 2nd period - Shot by Brad Marchand.
0:24 of 2nd period - Stopped by Juuse Saros without a rebound.
0:25 of 2nd period - Mason Marchment wins face-off versus Josh Norris in Avalanche zone.
0:32 of 2nd period - Shot by Josh Norris.
0:32 of 2nd period - Stopped by Ville Husso without a rebound.
0:33 of 2nd period - Ross Colton wins face-off versus Mason Marchment in Islanders zone.
0:41 of 2nd period - Off-side.
0:42 of 2nd period - Jonathan Toews wins face-off versus Connor McDavid in neutral zone.
0:42 of 2nd period - Michael Anderson is hit by Jake Guentzel and loses puck.
1:00 of 2nd period - Shot by Blake Wheeler.
1:00 of 2nd period - Stopped by Ville Husso without a rebound.
1:01 of 2nd period - Adam Henrique wins face-off versus Chandler Stephenson in Islanders zone.
1:17 of 2nd period - Icing by Travis Sanheim.
1:18 of 2nd period - Connor McDavid wins face-off versus Adam Henrique in Avalanche zone.
1:19 of 2nd period - Shot by Brad Marchand.
1:19 of 2nd period - Shot Misses the Net.
1:37 of 2nd period - Shot by Adam Henrique.
1:37 of 2nd period - Shot Misses the Net.
1:39 of 2nd period - Shot by Mikko Rantanen.
1:39 of 2nd period - Shot Misses the Net.
1:47 of 2nd period - Shot by Adam Henrique.
1:47 of 2nd period - Stopped by Ville Husso without a rebound.
1:48 of 2nd period - Josh Norris wins face-off versus Barrett Hayton in Islanders zone.
1:48 of 2nd period - Josh Norris is hit by Brent Burns.
2:13 of 2nd period - Icing by Shea Theodore.
2:14 of 2nd period - Barrett Hayton wins face-off versus Ross Colton in Islanders zone.
3:00 of 2nd period - Shot by Connor McDavid.
3:00 of 2nd period - Shot Misses the Net.
3:02 of 2nd period - Shot by Brad Marchand.
3:02 of 2nd period - Deflect By Connor McDavid.
3:02 of 2nd period - Shot Misses the Net.
3:11 of 2nd period - Connor McDavid is hit by Tyler Myers and loses puck.
4:09 of 2nd period - Shot by Chandler Stephenson.
4:09 of 2nd period - Stopped by Juuse Saros without a rebound.
4:10 of 2nd period - Jean-Gabriel Pageau wins face-off versus Jonathan Toews in Avalanche zone.
4:10 of 2nd period - Jean-Gabriel Pageau is hit by Arber Xhekaj.
4:16 of 2nd period - Shot by Jean-Gabriel Pageau.
4:16 of 2nd period - Shot Misses the Net.
4:19 of 2nd period - Icing by Michael Anderson.
4:20 of 2nd period - Jean-Gabriel Pageau wins face-off versus Jonathan Toews in Avalanche zone.
4:31 of 2nd period - Shot by Tanner Jeannot.
4:31 of 2nd period - Stopped by Juuse Saros with a rebound.
5:44 of 2nd period - Icing by Travis Sanheim.
5:45 of 2nd period - Patrik Laine wins face-off versus Chandler Stephenson in Avalanche zone.
6:26 of 2nd period - Shot by Mikko Rantanen.
6:26 of 2nd period - Shot Misses the Net.
6:37 of 2nd period - Neal Pionk is hit by Adam Henrique.
6:55 of 2nd period - Shot by Jake Guentzel.
6:55 of 2nd period - Deflect By Brad Marchand.
6:55 of 2nd period - Shot Misses the Net.
7:43 of 2nd period - Shot by Jean-Gabriel Pageau.
7:43 of 2nd period - Stopped by Juuse Saros without a rebound.
7:44 of 2nd period - Jonathan Toews wins face-off versus Jean-Gabriel Pageau in Avalanche zone.
7:50 of 2nd period - Jonathan Toews is hit by Tanner Jeannot and loses puck.
8:03 of 2nd period - Shot by Jonathan Toews.
8:03 of 2nd period - Shot Blocked by Shea Theodore.
9:34 of 2nd period - Shot by Brad Marchand.
9:34 of 2nd period - Stopped by Juuse Saros without a rebound.
9:35 of 2nd period - Chandler Stephenson wins face-off versus Ross Colton in Avalanche zone.
10:07 of 2nd period - Chandler Stephenson is hit by Travis Sanheim and loses puck.
11:16 of 2nd period - Patrik Laine is hit by Neal Pionk and loses puck.
11:38 of 2nd period - Brad Marchand is hit by Max Pacioretty and loses puck.
11:49 of 2nd period - Shot by Brad Marchand.
11:49 of 2nd period - Shot Misses the Net.
11:51 of 2nd period - Shot by Neal Pionk.
11:51 of 2nd period - Shot Misses the Net.
11:53 of 2nd period - Shot by Connor McDavid.
11:53 of 2nd period - Goal by Connor McDavid - Avalanche : 0 - Islanders : 2.
11:54 of 2nd period - Josh Norris wins face-off versus Barrett Hayton in neutral zone.
12:08 of 2nd period - Barrett Hayton is hit by Colton Parayko and loses puck.
12:28 of 2nd period - Troy Terry is hit by Shea Theodore and loses puck.
12:47 of 2nd period - Shot by Blake Wheeler.
12:47 of 2nd period - Shot Misses the Net.
13:02 of 2nd period - Tanner Jeannot is hit by Tyler Myers and loses puck.
13:08 of 2nd period - Off-side.
13:09 of 2nd period - Adam Henrique wins face-off versus Connor McDavid in neutral zone.
13:28 of 2nd period - Minor Penalty to Arber Xhekaj for Tripping.
13:29 of 2nd period - Chandler Stephenson wins face-off versus Jonathan Toews in Avalanche zone.
13:41 of 2nd period - Icing by Shayne Gostisbehere.
13:42 of 2nd period - Jonathan Toews wins face-off versus Chandler Stephenson in Islanders zone.
14:35 of 2nd period - Shot by Brent Burns.
14:35 of 2nd period - Shot Blocked by Mike Matheson.
14:37 of 2nd period - Shot by Jake Guentzel.
14:37 of 2nd period - Stopped by Juuse Saros without a rebound.
14:38 of 2nd period - Ross Colton wins face-off versus Connor McDavid in Avalanche zone.
14:50 of 2nd period - Icing by Shea Theodore.
14:51 of 2nd period - Jonathan Toews wins face-off versus Connor McDavid in Islanders zone.
15:00 of 2nd period - Off-side.
15:01 of 2nd period - Chandler Stephenson wins face-off versus Ross Colton in neutral zone.
15:38 of 2nd period - Shot by Connor McDavid.
15:38 of 2nd period - Stopped by Juuse Saros without a rebound.
15:39 of 2nd period - Jean-Gabriel Pageau wins face-off versus Adam Henrique in Avalanche zone.
15:56 of 2nd period - Shot by Tanner Jeannot.
15:56 of 2nd period - Stopped by Juuse Saros without a rebound.
15:57 of 2nd period - Connor McDavid wins face-off versus Josh Norris in Avalanche zone.
15:57 of 2nd period - Connor McDavid is hit by Michael Anderson.
16:29 of 2nd period - Icing by Jake Guentzel.
16:30 of 2nd period - Jake Guentzel wins face-off versus Blake Wheeler in Islanders zone.
16:30 of 2nd period - Jake Guentzel is hit by Max Pacioretty.
16:43 of 2nd period - Icing by Neal Pionk.
16:44 of 2nd period - Connor McDavid wins face-off versus Adam Henrique in Islanders zone.
16:46 of 2nd period - Icing by Shayne Gostisbehere.
16:47 of 2nd period - Josh Norris wins face-off versus Connor McDavid in Islanders zone.
17:18 of 2nd period - Connor McDavid is hit by Tyler Myers and loses puck.
17:47 of 2nd period - Shot by Shea Theodore.
17:47 of 2nd period - Shot Misses the Net.
18:01 of 2nd period - Shot by Shea Theodore.
18:01 of 2nd period - Shot Misses the Net.
18:05 of 2nd period - Shot by Chandler Stephenson.
18:05 of 2nd period - Stopped by Juuse Saros without a rebound.
18:06 of 2nd period - Adam Henrique wins face-off versus Jean-Gabriel Pageau in Avalanche zone.
18:44 of 2nd period - Tyler Myers is hit by Tanner Jeannot and loses puck.
19:25 of 2nd period - Shot by Brad Marchand.
19:25 of 2nd period - Shot Misses the Net.
19:39 of 2nd period - Brad Marchand is hit by Mikko Rantanen and loses puck.
19:57 of 2nd period - Off-side.
19:58 of 2nd period - Chandler Stephenson wins face-off versus Jonathan Toews in neutral zone.
Goals for this period are 0 for Avalanche vs 1 for Islanders.
Shots for this period are 3 for Avalanche vs 10 for Islanders.

3rd period


0:01 of 3rd period - Jonathan Toews wins face-off versus Chandler Stephenson in neutral zone.
0:04 of 3rd period - Shot by Max Pacioretty.
0:04 of 3rd period - Stopped by Ville Husso without a rebound.
0:05 of 3rd period - Chandler Stephenson wins face-off versus Josh Norris in Islanders zone.
1:03 of 3rd period - Shot by Brad Marchand.
1:03 of 3rd period - Shot Misses the Net.
1:52 of 3rd period - Shot by Max Pacioretty.
1:52 of 3rd period - Shot Misses the Net.
3:24 of 3rd period - Shot by Travis Sanheim.
3:24 of 3rd period - Shot Blocked by Ryan Graves.
3:49 of 3rd period - Shot by Troy Terry.
3:49 of 3rd period - Shot Misses the Net.
4:27 of 3rd period - Shot by Barrett Hayton.
4:27 of 3rd period - Shot Misses the Net.
4:45 of 3rd period - Shot by Brad Marchand.
4:45 of 3rd period - Stopped by Juuse Saros without a rebound.
4:46 of 3rd period - Jonathan Toews wins face-off versus Connor McDavid in Avalanche zone.
4:53 of 3rd period - Jake Guentzel is hit by Max Pacioretty and loses puck.
5:14 of 3rd period - Shot by Connor McDavid.
5:14 of 3rd period - Stopped by Juuse Saros without a rebound.
5:15 of 3rd period - Chandler Stephenson wins face-off versus Ross Colton in Avalanche zone.
5:15 of 3rd period - Chandler Stephenson is hit by Travis Sanheim.
6:29 of 3rd period - Jean-Gabriel Pageau is hit by Mike Matheson and loses puck.
6:48 of 3rd period - Shot by Jonathan Toews.
6:48 of 3rd period - Stopped by Ville Husso without a rebound.
6:49 of 3rd period - Tim Stutzle wins face-off versus Connor McDavid in Islanders zone.
7:33 of 3rd period - Shot by Troy Terry.
7:33 of 3rd period - Stopped by Ville Husso without a rebound.
7:34 of 3rd period - Jonathan Toews wins face-off versus Chandler Stephenson in Islanders zone.
7:34 of 3rd period - Travis Sanheim is hit by Neal Pionk and loses puck.
7:38 of 3rd period - Icing by Neal Pionk.
7:39 of 3rd period - Chandler Stephenson wins face-off versus Jonathan Toews in Islanders zone.
8:02 of 3rd period - Shot by Michael Bunting.
8:02 of 3rd period - Stopped by Juuse Saros without a rebound.
8:03 of 3rd period - Barrett Hayton wins face-off versus Adam Henrique in Avalanche zone.
8:16 of 3rd period - Shot by Barrett Hayton.
8:16 of 3rd period - Shot Misses the Net.
8:18 of 3rd period - Shot by Shea Theodore.
8:18 of 3rd period - Stopped by Juuse Saros with a rebound.
8:20 of 3rd period - Shot by Jujhar Khaira.
8:20 of 3rd period - Shot Misses the Net.
8:45 of 3rd period - Tanner Jeannot is hit by Tyler Myers and loses puck.
9:04 of 3rd period - Shot by Brad Marchand.
9:04 of 3rd period - Stopped by Juuse Saros without a rebound.
9:05 of 3rd period - Chandler Stephenson wins face-off versus Ross Colton in Avalanche zone.
9:10 of 3rd period - Shot by Chandler Stephenson.
9:10 of 3rd period - Stopped by Juuse Saros without a rebound.
9:11 of 3rd period - Blake Wheeler wins face-off versus Connor McDavid in Avalanche zone.
9:11 of 3rd period - Colton Parayko is hit by Brad Marchand and loses puck.
9:17 of 3rd period - Minor Penalty to Shayne Gostisbehere for Holding.
9:18 of 3rd period - Josh Norris wins face-off versus Jean-Gabriel Pageau in Islanders zone.
9:26 of 3rd period - Josh Norris is hit by Neal Pionk and loses puck.
9:37 of 3rd period - Shot by Josh Norris.
9:37 of 3rd period - Stopped by Ville Husso with a rebound.
9:39 of 3rd period - Shot by Colton Parayko.
9:39 of 3rd period - Stopped by Ville Husso without a rebound.
9:40 of 3rd period - Jean-Gabriel Pageau wins face-off versus Adam Henrique in Islanders zone.
9:49 of 3rd period - Shot by Tanner Jeannot.
9:49 of 3rd period - Stopped by Juuse Saros without a rebound.
9:50 of 3rd period - Adam Henrique wins face-off versus Jean-Gabriel Pageau in Avalanche zone.
10:21 of 3rd period - Shot by Mikko Rantanen.
10:21 of 3rd period - Shot Misses the Net.
10:23 of 3rd period - Shot by Colton Parayko.
10:23 of 3rd period - Stopped by Ville Husso without a rebound.
10:24 of 3rd period - Josh Norris wins face-off versus Chandler Stephenson in Islanders zone.
10:37 of 3rd period - Shot by Tyler Myers.
10:37 of 3rd period - Stopped by Ville Husso with a rebound.
10:39 of 3rd period - Shot by Tyler Myers.
10:39 of 3rd period - Shot Blocked by Shea Theodore.
10:41 of 3rd period - Shot by Josh Norris.
10:41 of 3rd period - Shot Misses the Net.
10:43 of 3rd period - Shot by Tyler Myers.
10:43 of 3rd period - Shot Misses the Net.
10:45 of 3rd period - Shot by Max Pacioretty.
10:45 of 3rd period - Shot Blocked by Shea Theodore.
10:51 of 3rd period - Shot by Patrik Laine.
10:51 of 3rd period - Stopped by Ville Husso without a rebound.
10:52 of 3rd period - Adam Henrique wins face-off versus Jean-Gabriel Pageau in Islanders zone.
11:17 of 3rd period - Shot by Colton Parayko.
11:17 of 3rd period - Stopped by Ville Husso without a rebound.
11:18 of 3rd period - Jonathan Toews wins face-off versus Connor McDavid in Islanders zone.
11:21 of 3rd period - Shot by Jonathan Toews.
11:21 of 3rd period - Stopped by Ville Husso without a rebound.
11:22 of 3rd period - Jonathan Toews wins face-off versus Connor McDavid in Islanders zone.
11:25 of 3rd period - Shot by Blake Wheeler.
11:25 of 3rd period - Shot Hit the Post.
11:43 of 3rd period - Shot by Connor McDavid.
11:43 of 3rd period - Shot Misses the Net.
11:51 of 3rd period - Shot by Max Pacioretty.
11:51 of 3rd period - Stopped by Ville Husso with a rebound.
11:53 of 3rd period - Shot by Blake Wheeler.
11:53 of 3rd period - Goal by Blake Wheeler - Avalanche : 1 - Islanders : 2.
11:54 of 3rd period - Chandler Stephenson wins face-off versus Ross Colton in neutral zone.
11:56 of 3rd period - Michael Bunting is hit by Ross Colton.
12:00 of 3rd period - Shot by Chandler Stephenson.
12:00 of 3rd period - Shot Blocked by Travis Sanheim.
12:38 of 3rd period - Shot by Chandler Stephenson.
12:38 of 3rd period - Stopped by Juuse Saros without a rebound.
12:39 of 3rd period - Josh Norris wins face-off versus Connor McDavid in Avalanche zone.
13:01 of 3rd period - Connor McDavid is hit by Michael Anderson and loses puck.
13:09 of 3rd period - Shot by Jake Guentzel.
13:09 of 3rd period - Stopped by Juuse Saros with a rebound.
13:11 of 3rd period - Shot by Shea Theodore.
13:11 of 3rd period - Shot Misses the Net.
13:17 of 3rd period - Shot by Jake Guentzel.
13:17 of 3rd period - Shot Misses the Net.
13:41 of 3rd period - Shot by Kyle Palmieri.
13:41 of 3rd period - Deflect By Jean-Gabriel Pageau.
13:41 of 3rd period - Stopped by Juuse Saros without a rebound.
13:42 of 3rd period - Chandler Stephenson wins face-off versus Jonathan Toews in Avalanche zone.
13:43 of 3rd period - Shot by Michael Bunting.
13:43 of 3rd period - Shot Blocked by Colton Parayko.
13:59 of 3rd period - Shot by Mason Marchment.
13:59 of 3rd period - Deflect By Chandler Stephenson.
13:59 of 3rd period - Shot Misses the Net.
14:14 of 3rd period - Chandler Stephenson is hit by Travis Sanheim and loses puck.
14:33 of 3rd period - Justin Holl is hit by Blake Wheeler.
14:40 of 3rd period - Icing by Chandler Stephenson.
14:41 of 3rd period - Adam Henrique wins face-off versus Chandler Stephenson in Islanders zone.
14:41 of 3rd period - Double Minor Penalty to Justin Holl for High sticking.
14:42 of 3rd period - Jean-Gabriel Pageau wins face-off versus Adam Henrique in Islanders zone.
15:05 of 3rd period - Shot by Mikko Rantanen.
15:05 of 3rd period - Stopped by Ville Husso without a rebound.
15:06 of 3rd period - Jean-Gabriel Pageau wins face-off versus Josh Norris in Islanders zone.
16:42 of 3rd period - Shot by Mikko Rantanen.
16:42 of 3rd period - Stopped by Ville Husso without a rebound.
16:43 of 3rd period - Jean-Gabriel Pageau wins face-off versus Adam Henrique in Islanders zone.
17:53 of 3rd period - Barrett Hayton is hit by Patrik Laine and loses puck.
18:12 of 3rd period - Shot by Shayne Gostisbehere.
18:12 of 3rd period - Shot Misses the Net.
18:14 of 3rd period - Shot by Chandler Stephenson.
18:14 of 3rd period - Stopped by Juuse Saros without a rebound.
18:15 of 3rd period - Josh Norris wins face-off versus Barrett Hayton in Avalanche zone.
18:20 of 3rd period - Shot by Michael Anderson.
18:20 of 3rd period - Shot Misses the Net.
18:22 of 3rd period - Shot by Josh Norris.
18:22 of 3rd period - Stopped by Ville Husso without a rebound.
18:23 of 3rd period - Jean-Gabriel Pageau wins face-off versus Adam Henrique in Islanders zone.
18:46 of 3rd period - Icing by Ryan Graves.
18:47 of 3rd period - Connor McDavid wins face-off versus Ross Colton in Islanders zone.
18:47 of 3rd period - Connor McDavid is hit by Connor Dewar.
18:57 of 3rd period - Shot by Brad Marchand.
18:57 of 3rd period - Shot Misses the Net.
18:59 of 3rd period - Shot by Connor McDavid.
18:59 of 3rd period - Shot Blocked by Michael Anderson.
19:01 of 3rd period - Shot by Jake Guentzel.
19:01 of 3rd period - Shot Misses the Net.
19:14 of 3rd period - Minor Penalty to Brad Marchand for High sticking.
19:15 of 3rd period - Jean-Gabriel Pageau wins face-off versus Josh Norris in Islanders zone.
19:36 of 3rd period - Avalanche, Juuse Saros is pulled from the net.
19:40 of 3rd period - Shot by Josh Norris.
19:40 of 3rd period - Stopped by Ville Husso without a rebound.
19:41 of 3rd period - Adam Henrique wins face-off versus Jean-Gabriel Pageau in Islanders zone.
19:42 of 3rd period - Shot by Tim Stutzle.
19:42 of 3rd period - Shot Misses the Net.
Goals for this period are 1 for Avalanche vs 0 for Islanders.
Shots for this period are 16 for Avalanche vs 11 for Islanders.